 Seeded DCSS version 0.29.1-15-g9cfb28693d (webtiles) character file.

Game seed: 5489948794960566076 (custom seed)

115 Mune the Magician (level 4, -1/24 HPs)
             Began as a Deep Elf Ice Elementalist on Aug 22, 2023.
             Slain by a hobgoblin
             ... wielding the +6 halberd "Dounaubbedy" {vorpal, rC++ Str-5}
              (11 damage)
             ... on level 3 of the Dungeon.
             The game lasted 00:03:22 (2433 turns).

Mune the Magician (Deep Elf Ice Elementalist)       Turns: 2433, Time: 00:03:23

Health: -1/24      AC:  2    Str:  5    XL:     4   Next: 68%
Magic:  5/14       EV: 12    Int: 22    God:
Gold:   110        SH:  0    Dex: 15    Spells: 8/15 levels left

rFire   . . .      SeeInvis .   g - +0 dagger
rCold   . . .      Faith    .   (no shield)
rNeg    . . .      Spirit   .   a - +0 robe
rPois   .          Reflect  .   (no helmet)
rElec   .          Harm     .   (no cloak)
rCorr   .          Rampage  .   (no gloves)
Will    .....                   (no boots)
Stlth   ++........              (no amulet)
HPRegen 0.08/turn               (no ring)
MPRegen 0.14/turn               (no ring)

@: freezing walls
A: no striking features
a: no special abilities


You were on level 3 of the Dungeon.
You visited 1 branch of the dungeon, and saw 3 of its levels.

You collected 110 gold pieces.

Inventory:

Hand Weapons
 g - a +0 dagger (weapon)
Armour
 a - a +0 robe (worn)
Wands
 k - a wand of roots (11)
Scrolls
 c - a scroll of noise {unknown}
 d - a scroll of blinking {unknown}
 e - 2 scrolls of identify {unknown}
 i - 2 scrolls of immolation {unknown}
 m - a scroll of magic mapping {unknown}
Potions
 b - a potion of magic
 f - 2 potions of curing {unknown}
 h - a potion of haste {unknown}
 j - a potion of mutation {unknown}
 l - a potion of ambrosia {unknown}
 n - a potion of brilliance {unknown}


   Skills:
 - Level 2.6 Dodging
 - Level 2.6 Stealth
 + Level 6.4 Spellcasting
 - Level 4.4 Ice Magic


You had 8 spell levels left.
You knew the following spells:

 Your Spells              Type           Power      Damage    Failure   Level
a - Freeze                Ice            100%       1d11      1%          1
b - Frozen Ramparts       Ice            52%        1d8       4%          3
c - Ozocubu's Armour      Ice            26%        N/A       4%          3

Your spell library contained the following spells:

 Spells                   Type           Power      Damage    Failure   Level
 Sublimation of Blood     Necr           7%         N/A       13%         2
 Wereblood                Tmut           7%         N/A       13%         2
 Hailstorm                Conj/Ice       16%        3d6       34%         4
 Summon Hydra             Summ           3%         N/A       100%        7


Dungeon Overview and Level Annotations

Branches:
Dungeon (3/15)

Altars:


Message History

[Y]es or [N]o only, please.
Your icy armour will break if you move.
Continue? [Y]es or [N]o only, please.
Your icy armour will break if you move.
Continue?
Okay, then.
The ball python hisses angrily.
The ball python barely misses you. The ball python closely misses you.
The ball python bites you but does no damage.
The ball python barely misses you.
You freeze the ball python!
You kill the ball python!
A ball python comes into view.
You can't see any susceptible monsters within range! (Use Z to cast anyway.)
You can't see any susceptible monsters within range! (Use Z to cast anyway.)
A ball python is nearby!
A hobgoblin comes into view.
It is wielding the +6 halberd "Dounaubbedy" {vorpal, rC++ Str-5}.
A hobgoblin is nearby!
The hobgoblin shouts!
Your icy armour starts to melt.
The hobgoblin hits you from afar with the +6 halberd "Dounaubbedy" {vorpal, rC++ Str-5}.
Casting: Freeze (safe; 1% risk of failure)
Confirm with . or Enter, or press ? or * to list all spells.
The spell is quite dangerous to miscast (4% risk of failure)!
Continue anyway?
Okay, then.
Casting: Frozen Ramparts (quite dangerous; 4% risk of failure)
Confirm with . or Enter, or press ? or * to list all spells.
The spell is quite dangerous to miscast (4% risk of failure)!
Continue anyway?
Casting: Frozen Ramparts (quite dangerous; 4% risk of failure)
Press: ? - help, Dir - look around, f - activate The walls around you are covered in ice.
The hobgoblin completely resists.
The wall freezes the hobgoblin but does no damage.
The hobgoblin hits you but does no damage.
The wall freezes the hobgoblin but does no damage.
The hobgoblin hits you from afar with the +6 halberd "Dounaubbedy" {vorpal, rC++ Str-5}!
Your icy armour evaporates.
The hobgoblin completely resists.
The wall freezes the hobgoblin but does no damage.
The hobgoblin hits you from afar with the +6 halberd "Dounaubbedy" {vorpal, rC++ Str-5}!
You die...

####..
.... ....
... #))
#g# #)#
#.#####@##
#........#
.......<.#
.....)##.#
....#. .#
.#.... ..
##.# ###
#. .


You could see a hobgoblin.

Vanquished Creatures
  An orc wizard (D:3)
  4 adders (D:2)
  2 dart slugs (D:2)
  2 orcs (D:3)
  6 bats
  5 endoplasms
  A giant cockroach (D:2)
  2 hobgoblins
  3 jackals (D:1)
  3 kobolds (D:1)
  2 quokkas (D:1)
  4 ball pythons
  6 frilled lizards
  3 goblins
  6 rats
50 creatures vanquished.

Notes
Turn   | Place    | Note
-------+----------+-------------------------------------------
     0 | D:1      | Mune the Deep Elf Ice Elementalist began the quest for the
                  | Orb.
     0 | D:1      | Reached XP level 1. HP: 10/10 MP: 6/6
   252 | D:1      | Reached XP level 2. HP: 15/15 MP: 6/8
   682 | D:1      | Reached skill level 4 in Spellcasting
   698 | D:1      | Found a faded altar of an unknown god.
  1358 | D:2      | Reached XP level 3. HP: 14/19 MP: 7/11
  1521 | D:2      | Reached skill level 5 in Spellcasting
  1720 | D:2      | Reached XP level 4. HP: 24/24 MP: 10/13
  1881 | D:2      | Learned a level 3 spell: Frozen Ramparts
  1885 | D:2      | Learned a level 3 spell: Ozocubu's Armour
  2399 | D:3      | Reached skill level 6 in Spellcasting
  2425 | D:3      | Identified the +6 halberd "Dounaubbedy" {vorpal, rC++
                  | Str-5}
  2433 | D:3      | Slain by a hobgoblin

Illustrated notes

Levels and vault maps discovered:
D:1:      dreamdust_arrival_sigmund_warning, layout_basic,
          ebering_ecumenical_altar_abandoned, st_stairs_7
D:2:      layout_loops_cross
D:3:      layout_loops_cross, general_overflow_altar, minmay_checkerbox

Skill      XL: |  1  2  3  4 |
---------------+-------------+-----
Spellcasting   | 4 5 6 |  6.4
Dodging        | |  2.6
Stealth        | |  2.6
Ice Magic      | |  4.4

Action                   |  1- 3 |  4- 6 || total
-------------------------+-------+-------++-------
Melee: Unarmed           |    16 |       ||    16
       Dagger            |     1 |     2 ||     3
 Cast: Freeze            |    51 |    19 ||    70
       Frozen Ramparts   |       |     2 ||     2
       Ozocubu's Armour  |       |     1 ||     1
Armor: Robe              |    11 |     3 ||    14
Dodge: Dodged            |    37 |     9 ||    46
